 Dungeon Crawl Stone Soup version 0.24-a0-584-g9d6b971ae4 (webtiles) character file.

Game seed: 13424193280947597972, levelgen mode: deterministic

128 Mithandil the Skirmisher (level 4, -6/35 HPs)
             Began as a Demonspawn Abyssal Knight on Sept 3, 2019.
             Was a Believer of Lugonu.
             Killed by nerve-wracking pain
             ... invoked by an orc priest
              (11 damage)
             ... on level 3 of the Dungeon.
             The game lasted 00:09:40 (1709 turns).

Mithandil the Skirmisher (DsAK)                     Turns: 1709, Time: 00:09:41

Health: -6/35      AC:  9    Str: 15    XL:     4   Next: 86%
Magic:  6/6        EV:  6    Int: 13    God:    Lugonu [**....]
Gold:   96         SH:  3    Dex: 13    Spells: 3/3 levels left

rFire    . . .     SeeInvis .   a - +1 falchion
rCold    . . .     Gourm    .   g - +0 buckler
rNeg     . . .     Faith    .   b - +0 chain mail
rPois    .         Spirit   .   h - +0 helmet
rElec    .         Reflect  .   (no cloak)
rCorr    .         Harm     .   (no gloves)
MR       .....                  (no boots)
Stlth    ..........             (no amulet)
HPRegen  0.11/turn              (no ring)
MPRegen  0.10/turn              (no ring)

@: no status effects
A: hooves 1, powered by death 1, strong 1, no potion heal 1
a: Depart the Abyss, Bend Space, Renounce Religion


You were on level 3 of the Dungeon.
You worshipped Lugonu.
Lugonu was pleased with you.
You were not hungry.

You visited 1 branch of the dungeon, and saw 3 of its levels.
You visited the Abyss 1 time.

You collected 96 gold pieces.

Inventory:

Hand Weapons
 a - a +1 falchion (weapon)
 n - a +0 trident
Missiles
 d - 31 bolts
 e - 3 datura-tipped darts
 i - 12 poisoned darts
 j - 3 boomerangs
 k - 55 stones (quivered)
 l - 27 sling bullets
Armour
 b - a +0 chain mail (worn)
 g - a +0 buckler (worn)
 h - a +0 helmet (worn)
Scrolls
 m - a scroll of blinking {unknown}
Comestibles
 c - 9 rations
 f - 4 chunks of flesh


   Skills:
 + Level 3.3 Fighting
 * Level 2.7 Long Blades
 - Level 0.5 Throwing
 + Level 2.2 Armour
 + Level 1.5 Dodging
 + Level 1.2 Stealth
 * Level 0.4 Shields
 + Level 0.9 Unarmed Combat
 + Level 3.3 Invocations


You had 3 spell levels left.
You didn't know any spells.
Your spell library was empty.

Dungeon Overview and Level Annotations

Branches:
Dungeon (3/15)

Altars:
Elyvilon


Innate Abilities, Weirdness & Mutations

You have large cloven feet.
You regenerate a little health from kills.
Your muscles are strong. (Str +2)
Potions are less effective at restoring your health.


Message History

The orc priest is heavily wounded.
The orc priest hits you but does no damage.
Your shield and chain mail prevent you from hitting the orc priest.
The orc priest is heavily wounded.
You block the orc priest's attack.
You hit the orc priest but do no damage.
You kick the orc priest.
The orc priest is severely wounded.
The orc priest hits you with a +0 whip.
* * * LOW HITPOINT WARNING * * *
You block the orc priest's attack.
You hit the orc priest but do no damage.
The orc priest is severely wounded.
The orc priest looks encouraged for a moment.
Your chain mail prevents you from hitting the orc priest.
Your kick misses the orc priest.
The orc priest is severely wounded.
The orc priest calls down the wrath of Beogh upon you.
Pain shoots through your body!
You die...

#.#### #.##.. #.##.# #+
### #.##.# ... ..#
#.##.# .... ### #.#
#..... ..... ##.###.#
######
...(.J####...##.########
.....lo@................
.....o####..........####
..... ##.###.#.#.# #
.... #.# #.#.#.# ... #.#
#.#.#.# #+ #.# ..#.#.#
#.# ###.#.# #.# #.#.#
... ..#.#


You could see an orc priest, an ooze, an orc and a leopard gecko.

Vanquished Creatures
  An orc priest (D:3)
  Terence (D:2)
  An adder (D:2)
  An ooze (D:3)
  An adder skeleton (D:2)
  4 dart slugs
  5 orcs (D:3)
  A ball python (D:1)
  2 giant cockroaches (D:1)
  6 hobgoblins (D:1)
  3 jackals (D:1)
  4 kobolds
  5 bats
  3 frilled lizards
  2 goblins
  4 rats
44 creatures vanquished.

Notes
Turn   | Place    | Note
-------+----------+-------------------------------------------
     0 | Abyss:1  | Mithandil the Demonspawn Abyssal Knight began the quest for
                  | the Orb.
     0 | Abyss:1  | Reached XP level 1. HP: 18/18 MP: 2/2
    23 | Abyss:1  | Noticed a smoke demon
    24 | D:1      | Escaped the Abyss
    71 | D:1      | Reached skill level 1 in Dodging
   110 | D:1      | Gained mutation: You regenerate a little health from kills.
                  | [demonic ancestry]
   110 | D:1      | Reached XP level 2. HP: 24/24 MP: 3/3
   145 | D:1      | Reached * piety under Lugonu
   192 | D:2      | Noticed Terence
   790 | D:1      | Gained mutation: You have large cloven feet. [demonic
                  | ancestry]
   790 | D:1      | Reached XP level 3. HP: 25/29 MP: 5/5
   998 | D:2      | Killed Terence
  1051 | D:2      | Reached skill level 1 in Stealth
  1099 | D:2      | Found a white marble altar of Elyvilon.
  1162 | D:2      | Reached XP level 4. HP: 31/35 MP: 6/6
  1299 | D:2      | Gained mutation: Potions are less effective at restoring
                  | your health. [potion of mutation]
  1299 | D:2      | Gained mutation: Your muscles are strong. (Str +2) [potion
                  | of mutation]
  1541 | D:3      | Reached ** piety under Lugonu
  1709 | D:3      | Killed from afar by an orc priest

Levels and vault maps discovered:
D:1:      psy_arrival_radial01, layout_loops_ring
D:2:      layout_rooms, elyvilon_altar_3, uniq_terence
D:3:      layout_loops_corners, chequers_ecumenical_altar_island, first_ration,
          chequers_serial_rivers_micro_c

Skill      XL: |  1  2  3 |
---------------+----------+-----
Long Blades    | 2 |  2.7
Dodging        | 1 |  1.5
Armour         | 2 |  2.2
Invocations    | 3 |  3.3
Stealth        | 1 |  1.2
Fighting       | |  3.3
Throwing       | |  0.5
Shields        | |  0.4
Unarmed Combat | |  0.9

Action                   |  1- 3 |  4- 6 || total
-------------------------+-------+-------++-------
Melee: Falchion          |    90 |    44 ||   134
       Kick              |    10 |    14 ||    24
Invok: Depart the Abyss  |     1 |       ||     1
  Use: Scroll            |     5 |     1 ||     6
       Potion            |     4 |     3 ||     7
 Stab: Invisible         |     1 |     1 ||     2
  Eat: Chunk             |     1 |     2 ||     3
Armor: Leather armour    |    24 |       ||    24
       Ring mail         |     3 |       ||     3
       Chain mail        |     2 |    23 ||    25
Dodge: Dodged            |    68 |    12 ||    80
Block: Buckler           |     1 |     4 ||     5
       Rpst.: Falchion   |    24 |     4 ||    28

Table legend:
 A = Non-vault XP
 B = Vault XP
 C = Vault XP percentage of total XP
 D = Non-vault monster count
 E = Vault monster count
 F = Vault count percentage of total count
                 A         B        C        D         E       F
            +---------+---------+-------+---------+---------+-------
      Total |     147 |      36 |  19.7 |      43 |       1 |   2.3
            +---------+---------+-------+---------+---------+-------
        D:1 |      45 |       0 |   0.0 |      24 |       0 |   0.0
        D:2 |      31 |      36 |  53.7 |       9 |       1 |  10.0
        D:3 |      71 |       0 |   0.0 |      10 |       0 |   0.0
            +---------+---------+-------+---------+---------+-------
